 Dungeon Crawl Stone Soup version 0.27-a0-1188-g73eefd5def (webtiles) character file.

Game seed: 7764860023021137783

67 quinnr the Gusty (level 4, -1/24 HPs)
             Began as a Tengu Air Elementalist on May 20, 2021.
             Slain by an orc
             ... wielding a +0 club
              (2 damage)
             ... on level 3 of the Dungeon.
             The game lasted 00:07:57 (2547 turns).

quinnr the Gusty (Tengu Air Elementalist)           Turns: 2547, Time: 00:07:57

Health: -1/24      AC:  2    Str:  8    XL:     4   Next: 18%
Magic:  1/9        EV: 12    Int: 16    God:
Gold:   54         SH:  0    Dex: 15    Spells: 3/9 levels left

rFire    . . .     SeeInvis .   (no weapon)
rCold    . . .     Faith    .   (no shield)
rNeg     . . .     Spirit   .   a - +0 robe
rPois    .         Reflect  .   (helmet restricted)
rElec    .         Harm     .   (no cloak)
rCorr    .         Rampage  .   (no gloves)
Will     .....                  (boots unavailable)
Stlth    +.........             (no amulet)
HPRegen  0.08/turn              (no ring)
MPRegen  0.11/turn              (no ring)

@: confused, very slightly contaminated
A: beak, talons 3
a: no special abilities


You were on level 3 of the Dungeon.
You visited 1 branch of the dungeon, and saw 3 of its levels.

You collected 54 gold pieces.

Inventory:

Missiles
 c - 92 stones
Armour
 a - a +0 robe (worn)
Jewellery
 j - a ring of ice
Wands
 k - a wand of acid (5)
Scrolls
 b - 2 scrolls of amnesia {unknown}
 d - a scroll of noise {unknown}
 g - 2 scrolls of identify {unknown}
 h - a scroll of fear {unknown}
 i - 2 scrolls of blinking {unknown}
 m - a scroll of torment {unknown}
 o - 4 scrolls of teleportation
Potions
 e - a potion of flight {unknown}
 f - 2 potions of resistance {unknown}
 l - a potion of degeneration {unknown}
 n - a potion of mutation {unknown}
 p - a potion of lignification {unknown}


   Skills:
 * Level 0.3 Fighting
 - Level 2.1 Dodging
 - Level 2.0 Stealth
 + Level 0.1 Unarmed Combat
 - Level 3.2 Spellcasting
 + Level 2.3 Conjurations
 + Level 4.7 Air Magic


You had 3 spell levels left.
You knew the following spells:

 Your Spells              Type           Power      Damage    Failure   Level
a - Shock                 Conj/Air       52%        1d6       4%          1
b - Swiftness             Air            17%        N/A       8%          3
c - Static Discharge      Conj/Air       13%        N/A       6%          2

Your spell library contained the following spells:

 Spells                   Type           Power      Damage    Failure   Level
 Freeze                   Ice            8%         1d3       19%         1
 Frozen Ramparts          Ice            4%         1d2       50%         3
 Ozocubu's Armour         Ice            2%         N/A       50%         3
 Airstrike                Air            8%         N/A       26%         4
 Hailstorm                Conj/Ice       6%         3d4       75%         4
 Lightning Bolt           Conj/Air       6%         1d18      75%         5
 Metabolic Englaciation   Hex/Ice        1%         N/A       99%         5


Dungeon Overview and Level Annotations

Branches:
Dungeon (3/15)

Altars:
Cheibriados


Innate Abilities, Weirdness & Mutations

You have a beak for a mouth.
You have claws for feet.


Message History

Confirm with . or Enter, or press ? or * to list all spells.
You miscast Static Discharge.
You are very lightly contaminated with residual magic.
Nothing appears to happen.
The orc wizard hits you but does no damage.
Something hits you. The orc hits you with a +0 hand axe.
The orc hits you with a +0 club. The orc priest hits you with a +0 club.
Casting: Static Discharge (safe; 6% risk of failure)
Confirm with . or Enter, or press ? or * to list all spells.
The orc priest is struck by an arc of lightning!
The orc priest is almost dead.
The lightning grounds out.
The orc wizard casts a spell at itself.
The orc wizard flickers and vanishes!
You hear some strange, mumbled words.
A magic dart appears from out of thin air!
The magic dart hits you!
* * * LOW HITPOINT WARNING * * *
The orc closely misses you. The orc completely misses you.
The orc priest looks braver for a moment.
Unknown command.
Casting: Static Discharge (safe; 6% risk of failure)
Confirm with . or Enter, or press ? or * to list all spells.
Something is struck by an arc of lightning.
Something is struck by an arc of lightning!
The bat is struck by an arc of lightning.
You kill the bat!
The lightning grounds out.
Something is struck by an arc of lightning. x2
The lightning grounds out.
The orc priest is struck by an arc of lightning!
You kill the orc priest!
The orc is struck by an arc of lightning.
You kill the orc!
The lightning grounds out.
Something hits you.
* * * LOW HITPOINT WARNING * * *
You hear some strange, mumbled words.
You are confused.
The orc hits you with a +0 club.
You die...

...# #..###
#.... #...#
. # #...#
...
#.##...#....
#.o{{..#
#)@..#
##)#.# ##.
.. #. .# .#
# #


You could see an orc.

Vanquished Creatures
  An orc priest (D:3)
  An adder (D:2)
  A worm (D:2)
  A dart slug (D:2)
  An orc (D:3)
  3 ball pythons
  4 bats
  2 endoplasms
  A giant cockroach (D:2)
  4 hobgoblins
  12 jackals
  3 kobolds
  4 frilled lizards
  7 goblins
  3 rats (D:1)
48 creatures vanquished.

Notes
Turn   | Place    | Note
-------+----------+-------------------------------------------
     0 | D:1      | quinnr the Tengu Air Elementalist began the quest for the
                  | Orb.
     0 | D:1      | Reached XP level 1. HP: 10/10 MP: 4/4
    20 | D:1      | Found a faded altar of an unknown god.
   276 | D:1      | Reached XP level 2. HP: 15/15 MP: 3/6
  1090 | D:1      | Reached XP level 3. HP: 19/19 MP: 5/8
  1382 | D:2      | Learned a level 3 spell: Swiftness
  1518 | D:2      | Learned a level 2 spell: Static Discharge
  1986 | D:2      | Reached XP level 4. HP: 24/24 MP: 7/9
  2033 | D:2      | Found a snail-covered altar of Cheibriados.
  2547 | D:3      | HP: 1/24 [something (4)]
  2547 | D:3      | Slain by an orc

Illustrated notes

Levels and vault maps discovered:
D:1:      lemuel_arrival_cross, layout_basic, chequers_ecumenical_altar_simple
D:2:      layout_loops_ring, basic_altar, eino_tiny_chamber, minmay_cut_off
D:3:      layout_loops_ring, nicolae_sif_muna_condensation

Skill      XL: |  1  2  3 |
---------------+----------+-----
Spellcasting   | 3 |  3.2
Conjurations   | 2 |  2.3
Fighting       | |  0.3
Dodging        | |  2.1
Stealth        | |  2.0
Unarmed Combat | |  0.1
Air Magic      | |  4.7

Action                   |  1- 3 |  4- 6 || total
-------------------------+-------+-------++-------
Melee: Unarmed           |     3 |     1 ||     4
       Kick              |     1 |       ||     1
       Peck              |     1 |       ||     1
 Cast: Shock             |    73 |    18 ||    91
       Static Discharge  |     2 |     3 ||     5
  Use: Scroll            |       |     1 ||     1
Armor: Robe              |     8 |     4 ||    12
Dodge: Dodged            |    29 |     9 ||    38

Table legend: (Time is in decaauts)
 A = Elapsed time spent in this place.
 B = Non-inter-level travel time spent in this place.
 C = Inter-level travel time spent in this place.
 D = Time resting spent in this place.
 E = Time spent auto-exploring this place.
 F = Levels seen in this place.
 G = Mean time per level.
                   A        B        C        D        E       F      G
               +--------+--------+--------+--------+--------+-----+--------+
         Total |   2547 |   2507 |     40 |    195 |   2010 |   3 |  849.0 |
       Dungeon |   2547 |   2507 |     40 |    195 |   2010 |   3 |  849.0 |
               +--------+--------+--------+--------+--------+-----+--------+

Top non-repeatable levels by time:
     D:1: 1316 daAuts
     D:2: 1194 daAuts
     D:3: 36 daAuts
